General information
- name: BNet
- type: Ladder team game (AT/RT)
- host: Battle.net
- saver: miguelitito
map: CopperCanyon
- players: 6
- length: 09:11
- speed: Fast
- version: 1.26 W3XP
- replay type: Public
» download(40 KB)
Players
team 1 (winner)

»
rcm (
orange | 52 APM | 401 actions | 07:40)
3 Crypt Lord
2 Carrion Beetles
1 Spiked Carapace
» actions
| Assign group hotkey | 8 | |
| Build / train | 28 | |
| Enter build submenu | 10 | |
| Enter hero's abilities submenu | 3 | |
| Remove unit from queue | 1 | |
| Right click | 128 | |
| Select / deselect | 83 | |
| Select group hotkey | 116 | |
| Use ability | 24 | |
401 total
» units
» upgrades
| Unholy Armor | 1 | |
| Unholy Strength | 1 | |
| Cannibalize | 1 | |
3 total
» buildings
| Crypt | 1 | |
| Ziggurat | 4 | |
| Graveyard | 1 | |
| Altar of Darkness | 1 | |
| Tomb of Relics | 1 | |
| Halls of the Dead | 1 | |
| Slaughterhouse | 1 | |
10 total
» build order
00:40 Crypt
00:44 Ziggurat
00:47 Graveyard
00:50 Ziggurat
01:01 Altar of Darkness
01:16 Ziggurat
01:46 Tomb of Relics
04:21 Halls of the Dead
05:19 Ziggurat
07:06 Slaughterhouse
» items
| Rod of Necromancy | 1 | |
| Healing Salve | 1 | |
2 total

»
AnaIBanan (
pink | 50 APM | 386 actions | 07:40)
3 Dreadlord
1 Sleep
2 Vampiric Aura
» actions
| Assign group hotkey | 2 | |
| Basic commands | 24 | |
| Build / train | 31 | |
| Enter build submenu | 10 | |
| Enter hero's abilities submenu | 3 | |
| Right click | 180 | |
| Select / deselect | 95 | |
| Select group hotkey | 5 | |
| Use ability | 36 | |
386 total
» units
» upgrades
| Cannibalize | 1 | |
| Unholy Armor | 2 | |
| Unholy Strength | 1 | |
4 total
» buildings
| Crypt | 1 | |
| Ziggurat | 4 | |
| Altar of Darkness | 1 | |
| Tomb of Relics | 1 | |
| Nerubian Tower | 1 | |
| Graveyard | 1 | |
| Halls of the Dead | 1 | |
| Black Citadel | 1 | |
11 total
» build order
00:10 Crypt
00:15 Ziggurat
00:37 Altar of Darkness
00:57 Ziggurat
01:14 Tomb of Relics
01:51 Nerubian Tower
02:46 Graveyard
04:08 Halls of the Dead
04:38 Ziggurat
05:33 Ziggurat
07:22 Black Citadel
miguelitito (
blue | 73 APM | 674 actions | 09:11)
3 Blademaster
2 Wind Walk
1 Critical Strike
» actions
| Assign group hotkey | 3 | |
| Build / train | 29 | |
| Enter build submenu | 23 | |
| Enter hero's abilities submenu | 3 | |
| Right click | 481 | |
| Select / deselect | 79 | |
| Select group hotkey | 11 | |
| Use ability | 44 | |
674 total
» units
» upgrades
» buildings
| Orc Burrow | 2 | |
| Altar of Storms | 1 | |
| War Mill | 2 | |
| Voodoo Lounge | 1 | |
| Watch Tower | 14 | |
20 total
» build order
00:05 Orc Burrow
00:07 Altar of Storms
00:40 War Mill
00:46 War Mill
01:52 Orc Burrow
02:29 Voodoo Lounge
02:33 Watch Tower
02:55 Watch Tower
03:41 Watch Tower
03:43 Watch Tower
03:52 Watch Tower
04:23 Watch Tower
05:03 Watch Tower
05:13 Watch Tower
05:57 Watch Tower
06:01 Watch Tower
06:09 Watch Tower
06:41 Watch Tower
06:56 Watch Tower
07:12 Watch Tower
» items
| Healing Salve | 2 | |
| Lesser Clarity Potion | 6 | |
| Scroll of Speed | 2 | |
| Boots of Speed | 1 | |
| Circlet of Nobility | 1 | |
| Staff of Teleportation | 1 | |
13 total
team 2 (loser)
Integral_dx (
green | 48 APM | 367 actions | 07:35)
2 Death Knight
1 Death Coil
1 Unholy Aura
» actions
| Assign group hotkey | 13 | |
| Basic commands | 15 | |
| Build / train | 42 | |
| Enter build submenu | 10 | |
| Enter hero's abilities submenu | 2 | |
| Remove unit from queue | 1 | |
| Right click | 83 | |
| Select / deselect | 117 | |
| Select group hotkey | 46 | |
| Use ability | 38 | |
367 total
» units
| Acolyte | 5 | |
| Ghoul | 5 | |
| Crypt Fiend | 10 | |
20 total
» buildings
| Crypt | 1 | |
| Ziggurat | 3 | |
| Altar of Darkness | 1 | |
| Graveyard | 1 | |
| Tomb of Relics | 1 | |
| Halls of the Dead | 1 | |
| Nerubian Tower | 8 | |
16 total
» build order
00:18 Crypt
00:20 Ziggurat
00:43 Altar of Darkness
01:02 Graveyard
01:20 Ziggurat
01:45 Tomb of Relics
03:59 Halls of the Dead
04:14 Ziggurat
05:07 Nerubian Tower
05:07 Nerubian Tower
05:44 Nerubian Tower
06:15 Nerubian Tower
06:15 Nerubian Tower
06:16 Nerubian Tower
» items
| Dust of Appearance | 2 | |
| Rod of Necromancy | 2 | |
| Potion of Healing | 2 | |
6 total
bigh2010 (
purple | 38 APM | 294 actions | 07:39)
2 Archmage
1 Summon Water Elemental
1 Brilliance Aura
» actions
| Assign group hotkey | 1 | |
| Build / train | 27 | |
| Enter build submenu | 14 | |
| Enter hero's abilities submenu | 2 | |
| Right click | 131 | |
| Select / deselect | 96 | |
| Use ability | 23 | |
294 total
» units
» upgrades
| Lumber Harvesting | 1 | |
| Swords | 1 | |
| Plating | 1 | |
3 total
» buildings
| Altar of Kings | 1 | |
| Farm | 6 | |
| Barracks | 2 | |
| Scout Tower | 1 | |
| Arcane Tower | 1 | |
| Keep | 1 | |
| Arcane Vault | 1 | |
| Lumber Mill | 1 | |
| Blacksmith | 1 | |
| Castle | 1 | |
16 total
» build order
00:21 Altar of Kings
00:31 Farm
00:35 Barracks
01:03 Farm
01:47 Farm
01:55 Scout Tower
02:28 Arcane Tower
02:55 Keep
03:03 Farm
04:09 Arcane Vault
04:15 Lumber Mill
04:53 Farm
04:58 Blacksmith
05:15 Barracks
07:04 Castle
07:13 Farm
» items
| Scroll of Regeneration | 1 | |
| Scroll of Town Portal | 1 | |
2 total
Skullface69 (
red | 29 APM | 205 actions | 07:10)
1 Lich
1 Frost Nova
» actions
| Assign group hotkey | 2 | |
| Build / train | 18 | |
| Enter build submenu | 13 | |
| Enter hero's abilities submenu | 1 | |
| Right click | 88 | |
| Select / deselect | 64 | |
| Select group hotkey | 2 | |
| Use ability | 17 | |
205 total
» units
» upgrades
| Creature Attack | 1 | |
| Creature Carapace | 1 | |
2 total
» buildings
| Altar of Darkness | 1 | |
| Ziggurat | 6 | |
| Crypt | 1 | |
| Nerubian Tower | 1 | |
| Graveyard | 1 | |
| Spirit Tower | 1 | |
| Halls of the Dead | 1 | |
| Tomb of Relics | 1 | |
| Black Citadel | 1 | |
14 total
» build order
00:10 Altar of Darkness
00:12 Ziggurat
00:31 Crypt
01:06 Nerubian Tower
01:21 Ziggurat
01:50 Graveyard
02:31 Ziggurat
03:24 Spirit Tower
03:36 Halls of the Dead
03:53 Tomb of Relics
04:30 Ziggurat
04:50 Ziggurat
05:41 Ziggurat
06:04 Black Citadel
» items
Chat log
(00:37 / Allies) rcm: e rush
(01:29 / Allies) rcm: rush here
(01:58 / Allies) rcm: me hero retars
(02:05 / Allies) rcm: ????
(02:18 / Allies) rcm: donde vas con los peones
(02:24 / Allies) miguelitito: no te importa subnormal
(03:34 / Allies) rcm: go pink
(03:56 / Allies) AnaIBanan: k
(04:33 / Allies) miguelitito: 1 sec
(04:48 / Allies) miguelitito: 100 g please
(04:57 / Allies) miguelitito: thanks
(07:44 / All) miguelitito: GG